SAAA
HIALEAH DODOS @ HARTFORD PRIDE
08/11/2042
 
TOP OF THE 1ST
Hialeah Dodos batting - Pitching for Hartford Pride : RHP Ismael Calderón
Pitching: RHP Ismael Calderón
Batting: RHB Sergio San Martín 0-0: Ball
1-0: Swinging Strike
1-1: Ground out 5-3 (Groundball, 56S, EV 65.6 MPH)
Batting: LHB Richard Edwards 0-0: Foul Ball, location: 2F
0-1: Ball
1-1: Swinging Strike
1-2: Foul Ball, location: 2F
1-2: Ground out 6-3 (Groundball, 6, EV 86.2 MPH)
Batting: RHB Juan Reyes 0-0: Foul Ball, location: 2F
0-1: Swinging Strike
0-2: Ball
1-2: Ball
2-2: SINGLE (Groundball, 6MD, EV 99.4 MPH)
Batting: LHB Keith Pick 0-0: Called Strike
0-1: Called Strike
0-2: Ground out 1-3 (Groundball, 34S, EV 70.6 MPH)
Top of the 1st over - 0 runs, 1 hit, 0 errors, 1 left on base; Hialeah 0 - Hartford 0
BOTTOM OF THE 1ST
Hartford Pride batting - Pitching for Hialeah Dodos : RHP Clint Kirk
Pitching: RHP Clint Kirk
Batting: LHB Daniel Joseph 0-0: Ball
1-0: SINGLE (Groundball, 6S, EV 68.8 MPH) (infield hit)
Batting: RHB Katsuhiko Ishihara 0-0: Called Strike
0-1: Foul Ball, location: 2F
0-2: Ball
1-2: Strikes out swinging
Batting: LHB Tomás Muinos 0-0: Called Strike
0-1: Swinging Strike
0-2: Fly out, F7 (Flyball, 78S, EV 85.0 MPH)
Batting: RHB Emílio Agramónte 0-0: Ball
1-0: Swinging Strike
1-1: Ball
2-1: Foul Ball, location: 2F
2-2: Foul Ball, location: 2F
2-2: Foul Ball, location: 2F
2-2: SINGLE (Groundball, 6MD, EV 100.0 MPH)
Daniel Joseph to second
Runner from 2nd tries for 3rd, SAFE, no throw by CF
Batting: RHB Hani Azwan 0-0: Swinging Strike
0-1: Ball
1-1: Ball
2-1: Fielders Choice at 2nd, 5-4 (Groundball, 56, EV 78.8 MPH)
Bottom of the 1st over - 0 runs, 2 hits, 0 errors, 2 left on base; Hialeah 0 - Hartford 0
TOP OF THE 2ND
Hialeah Dodos batting - Pitching for Hartford Pride : RHP Ismael Calderón
Pitching: RHP Luis Bruno
Batting: LHB Gabriel Montoya 0-0: Ground out 4-3 (Groundball, 34D, EV 106.9 MPH)
Batting: LHB Ramón Morterero 0-0: Ball
1-0: Ball
2-0: Foul Ball, location: 2F
2-1: SINGLE (Line Drive, 9LS, EV 100.6 MPH)
Batting: RHB Chrysler Rodriguez 0-0: Called Strike
0-1: Called Strike
0-2: Strikes out swinging
Batting: RHB Yaakov Shmerkin 0-0: Ball
1-0: Ball
2-0: Called Strike
2-1: SINGLE (Line Drive, 4MD, EV 99.4 MPH)
Ramón Morterero to second
Batting: RHB Ray Covalt 0-0: Called Strike
0-1: Swinging Strike
0-2: Ball
1-2: Ball
2-2: Ball
3-2: Strikes out swinging
Top of the 2nd over - 0 runs, 2 hits, 0 errors, 2 left on base; Hialeah 0 - Hartford 0
BOTTOM OF THE 2ND
Hartford Pride batting - Pitching for Hialeah Dodos : RHP Clint Kirk
Batting: SHB Alvin Peterson 0-0: Called Strike
0-1: Ball
1-1: Swinging Strike
1-2: Strikes out swinging
Batting: RHB Peer Kattenberg 0-0: Ground out 6-3 (Groundball, 6, EV 81.2 MPH)
Batting: RHB Barend Huijbregts 0-0: Ball
1-0: Swinging Strike
1-1: Foul Ball, location: 2F
1-2: Ball
2-2: Fly out, F8 (Flyball, 89M, EV 85.0 MPH)
Bottom of the 2nd over - 0 runs, 0 hits, 0 errors, 0 left on base; Hialeah 0 - Hartford 0
TOP OF THE 3RD
Hialeah Dodos batting - Pitching for Hartford Pride : RHP Luis Bruno
Batting: RHB Sergio San Martín 0-0: Ball
1-0: Ball
2-0: Ball
3-0: Base on Balls
Batting: LHB Richard Edwards 0-0: Called Strike
0-1: Ball
Sergio San Martín is caught stealing 2nd base 2-6
1-1: Foul Ball, location: 2F
1-2: Ball
2-2: Foul Ball, location: 2F
2-2: Ball
3-2: Foul Ball, location: 2F
3-2: Foul Ball, location: 2F
3-2: Base on Balls
Batting: RHB Juan Reyes 0-0: Ball
1-0: Foul Ball, location: 2F
1-1: Called Strike
1-2: Ball
2-2: SINGLE (Line Drive, 4D, EV 98.8 MPH)
Richard Edwards to second
Runner from 2nd tries for 3rd, SAFE, no throw by CF
Batting: LHB Keith Pick 0-0: Foul Ball, location: 2F
0-1: Grounds into double play, 4-6-3 (Groundball, 4, EV 78.1 MPH)
Top of the 3rd over - 0 runs, 1 hit, 0 errors, 1 left on base; Hialeah 0 - Hartford 0
BOTTOM OF THE 3RD
Hartford Pride batting - Pitching for Hialeah Dodos : RHP Clint Kirk
Batting: RHB Nathan Pruitt 0-0: Ball
1-0: Called Strike
1-1: Ball
2-1: Swinging Strike
2-2: Fly out, F7 (Flyball, 7D, EV 96.9 MPH)
Batting: LHB Daniel Joseph 0-0: Called Strike
0-1: Fly out, F7 (Flyball, 78S, EV 93.8 MPH)
Batting: RHB Katsuhiko Ishihara 0-0: Ball
1-0: Called Strike
1-1: Ball
2-1: Fly out, F8 (Flyball, 8RM, EV 83.8 MPH)
Bottom of the 3rd over - 0 runs, 0 hits, 0 errors, 0 left on base; Hialeah 0 - Hartford 0
TOP OF THE 4TH
Hialeah Dodos batting - Pitching for Hartford Pride : RHP Luis Bruno
Batting: LHB Gabriel Montoya 0-0: Called Strike
0-1: Called Strike
0-2: Strikes out swinging, 2-3 out at first.
Batting: LHB Ramón Morterero 0-0: Foul Ball, location: 2F
0-1: Ball
1-1: Called Strike
1-2: Foul Ball, location: 2F
1-2: Foul Ball, location: 2F
1-2: Foul Ball, location: 2F
1-2: Ball
2-2: Ball
3-2: Foul Ball, location: 2F
3-2: Ground out U3 (Groundball, 34, EV 96.2 MPH)
Batting: RHB Chrysler Rodriguez 0-0: Swinging Strike
0-1: Ball
1-1: Called Strike
1-2: Ball
2-2: Strikes out swinging
Top of the 4th over - 0 runs, 0 hits, 0 errors, 0 left on base; Hialeah 0 - Hartford 0
BOTTOM OF THE 4TH
Hartford Pride batting - Pitching for Hialeah Dodos : RHP Clint Kirk
Batting: LHB Tomás Muinos 0-0: Ball
1-0: Ball
2-0: Called Strike
2-1: Foul Ball, location: 2F
2-2: Ball
3-2: Ground out 4-3 (Groundball, 34D, EV 97.5 MPH)
Batting: RHB Emílio Agramónte 0-0: Called Strike
0-1: Fly out, F7 (Flyball, 78S, EV 90.6 MPH)
Batting: RHB Hani Azwan 0-0: Ball
1-0: Ball
2-0: Foul Ball, location: 2F
2-1: Called Strike
2-2: Ground out 1-3 (Groundball, 13S, EV 70.0 MPH)
Bottom of the 4th over - 0 runs, 0 hits, 0 errors, 0 left on base; Hialeah 0 - Hartford 0
TOP OF THE 5TH
Hialeah Dodos batting - Pitching for Hartford Pride : RHP Luis Bruno
Batting: RHB Yaakov Shmerkin 0-0: Ball
1-0: Called Strike
1-1: Foul Ball, location: 2F
1-2: SINGLE (Line Drive, 34D, EV 106.9 MPH)
Batting: RHB Ray Covalt 0-0: Ball
1-0: Ball
2-0: Foul Ball, location: 2F
2-1: Ball
3-1: Foul Ball, location: 2F
3-2: Strikes out swinging
Batting: RHB Sergio San Martín 0-0: SINGLE (Line Drive, 7LS, EV 111.2 MPH)
Yaakov Shmerkin to second
Batting: LHB Richard Edwards 0-0: Ball
1-0: Swinging Strike
1-1: Ball
2-1: Foul Ball, location: 2F
2-2: Ball
3-2: Fielders Choice at 2nd, 4-6 (Groundball, 4M, EV 103.8 MPH)
Yaakov Shmerkin to third
Pitching: RHP Victor Heuvelink
Batting: RHB Juan Reyes 0-0: Foul Ball, location: 2F
0-1: Ground out U3 (Groundball, 34S, EV 86.2 MPH)
Top of the 5th over - 0 runs, 2 hits, 0 errors, 2 left on base; Hialeah 0 - Hartford 0
BOTTOM OF THE 5TH
Hartford Pride batting - Pitching for Hialeah Dodos : RHP Clint Kirk
Batting: SHB Alvin Peterson 0-0: Ball
1-0: Called Strike
1-1: Ball
2-1: Foul Ball, location: 2F
2-2: Foul Ball, location: 2F
2-2: Ground out 4-3 (Groundball, 34D, EV 86.2 MPH)
Batting: RHB Peer Kattenberg 0-0: Foul Ball, location: 2F
0-1: Ball
1-1: Ball
2-1: Called Strike
2-2: Fly out, F2 (Popup, 13S, EV 79.4 MPH)
Batting: RHB Barend Huijbregts 0-0: Ball
1-0: DOUBLE (Line Drive, 89D, EV 109.4 MPH)
Batting: RHB Nathan Pruitt 0-0: Called Strike
0-1: Foul Ball, location: 2F
0-2: Ball
1-2: Ground out 5-3 (Groundball, 56, EV 83.8 MPH)
Bottom of the 5th over - 0 runs, 1 hit, 0 errors, 1 left on base; Hialeah 0 - Hartford 0
TOP OF THE 6TH
Hialeah Dodos batting - Pitching for Hartford Pride : RHP Victor Heuvelink
Batting: LHB Keith Pick 0-0: DOUBLE (Line Drive, 7LS, EV 105.6 MPH)
Batting: LHB Gabriel Montoya 0-0: Ball
1-0: Foul Ball, location: 2F
1-1: Ball
2-1: Ball
3-1: Ground out U3 (Groundball, 3S, EV 85.6 MPH)
Keith Pick to third
Batting: LHB Ramón Morterero 0-0: Fly out, F7 (Flyball, 7D, EV 86.9 MPH)
Runner from 3rd tags up, SCORES, throw by LF
Batting: RHB Chrysler Rodriguez 0-0: Ball
1-0: Foul Ball, location: 2F
1-1: Called Strike
1-2: Foul Ball, location: 2F
1-2: Ball
2-2: Ball
3-2: Foul Ball, location: 2F
3-2: Base on Balls
Batting: RHB Yaakov Shmerkin 0-0: Ball
1-0: Ball
2-0: Foul Ball, location: 2F
2-1: Foul Ball, location: 2F
2-2: Ball
Chrysler Rodriguez steals 2nd base
3-2: Foul Ball, location: 2F
3-2: Fly out, F9 (Flyball, 89S, EV 69.4 MPH)
Top of the 6th over - 1 run, 1 hit, 0 errors, 1 left on base; Hialeah 1 - Hartford 0
BOTTOM OF THE 6TH
Hartford Pride batting - Pitching for Hialeah Dodos : RHP Clint Kirk
Batting: LHB Daniel Joseph 0-0: Ground out 4-3 (Groundball, 4, EV 85.6 MPH)
Batting: RHB Katsuhiko Ishihara 0-0: Foul Ball, location: 2F
0-1: Ball
1-1: Swinging Strike
1-2: Ball
2-2: Ball
3-2: Strikes out swinging
Batting: LHB Tomás Muinos 0-0: Ball
1-0: Ground out U3 (Groundball, 3L, EV 107.5 MPH)
Bottom of the 6th over - 0 runs, 0 hits, 0 errors, 0 left on base; Hialeah 1 - Hartford 0
TOP OF THE 7TH
Hialeah Dodos batting - Pitching for Hartford Pride : RHP Victor Heuvelink
Batting: RHB Ray Covalt 0-0: Ball
1-0: Ball
2-0: SINGLE (Groundball, 56D, EV 110.6 MPH)
Batting: RHB Sergio San Martín 0-0: Bunted foul
0-1: Bunted foul
0-2: Ball
1-2: Foul Ball, location: 2F
1-2: Ball
2-2: Foul Ball, location: 2F
2-2: SINGLE (Groundball, 6D, EV 96.9 MPH)
Ray Covalt to second
Batting: LHB Richard Edwards 0-0: Ball
1-0: Ball
2-0: Bunt missed!
2-1: Bunted foul
2-2: Ball
3-2: Strikes out looking
Pitching: RHP Eduardo Flores
Batting: RHB Juan Reyes 0-0: Called Strike
0-1: Called Strike
0-2: Foul Ball, location: 2F
0-2: Ball
1-2: Fielders Choice at 2nd, 3-6 (Groundball, 34, EV 77.5 MPH)
Ray Covalt to third
Batting: LHB Keith Pick 0-0: Called Strike
0-1: Ball
Wild Pitch!
Ray Covalt scores
Juan Reyes to second
1-1: SINGLE (Groundball, 56D, EV 98.8 MPH)
Juan Reyes to third
Runner from 3rd tries for Home, SAFE, no throw by LF
Batting: LHB Gabriel Montoya 0-0: Called Strike
0-1: Ball
1-1: Called Strike
1-2: Ball
2-2: SINGLE (Groundball, P, EV 76.9 MPH) (infield hit)
Keith Pick to second
Batting: LHB Ramón Morterero 0-0: Called Strike
0-1: Ball
1-1: Foul Ball, location: 2F
1-2: Ball
2-2: Fly out, F8 (Flyball, 8RS, EV 93.8 MPH)
Top of the 7th over - 2 runs, 4 hits, 0 errors, 2 left on base; Hialeah 3 - Hartford 0
BOTTOM OF THE 7TH
Hartford Pride batting - Pitching for Hialeah Dodos : RHP Clint Kirk
Batting: RHB Emílio Agramónte 0-0: DOUBLE (Line Drive, 7LS, EV 100.0 MPH)
Batting: RHB Hani Azwan 0-0: Ball
1-0: Fly out, F9 (Line Drive, 9, EV 88.8 MPH)
Batting: SHB Alvin Peterson 0-0: Ball
1-0: Ball
2-0: Foul Ball, location: 2F
2-1: Swinging Strike
2-2: Ball
3-2: Strikes out swinging
Batting: RHB Peer Kattenberg 0-0: Ball
1-0: SINGLE (Groundball, 6, EV 100.0 MPH) (infield hit)
Emílio Agramónte to third
Pitching: RHP John Stevens
Batting: RHB Barend Huijbregts 0-0: Foul Ball, location: 2F
0-1: Fly out, F7 (Flyball, 7, EV 80.6 MPH)
Bottom of the 7th over - 0 runs, 2 hits, 0 errors, 2 left on base; Hialeah 3 - Hartford 0
TOP OF THE 8TH
Hialeah Dodos batting - Pitching for Hartford Pride : RHP Eduardo Flores
Batting: RHB Chrysler Rodriguez 0-0: Foul Ball, location: 2F
0-1: Foul Ball, location: 2F
0-2: Ball
1-2: Ball
2-2: Strikes out swinging
Batting: RHB Yaakov Shmerkin 0-0: Called Strike
0-1: Swinging Strike
0-2: Ball
1-2: Ball
2-2: Ground out 4-3 (Groundball, 4, EV 82.5 MPH)
Batting: RHB Ray Covalt 0-0: Ball
1-0: Fly out, F6 (Popup, 15, EV 70.0 MPH)
Top of the 8th over - 0 runs, 0 hits, 0 errors, 0 left on base; Hialeah 3 - Hartford 0
BOTTOM OF THE 8TH
Hartford Pride batting - Pitching for Hialeah Dodos : RHP John Stevens
Batting: RHB Nathan Pruitt 0-0: Swinging Strike
0-1: Foul Ball, location: 2F
0-2: Strikes out swinging
Batting: LHB Daniel Joseph 0-0: Called Strike
0-1: Ball
1-1: Ball
2-1: Foul Ball, location: 2F
2-2: SINGLE (Flyball, 78M, EV 90.0 MPH)
Batting: RHB Katsuhiko Ishihara 0-0: Called Strike
0-1: Ball
1-1: Fly out, F8 (Line Drive, 8RM, EV 93.8 MPH)
Batting: LHB Tomás Muinos 0-0: Ball
1-0: 2-RUN HOME RUN (Flyball, 8RXD, EV 102.5 MPH), Distance : 435 ft
Batting: RHB Emílio Agramónte 0-0: Ball
1-0: Foul Ball, location: 2F
1-1: Foul Ball, location: 2F
1-2: Foul Ball, location: 2F
1-2: Foul Ball, location: 2F
1-2: Foul Ball, location: 2F
1-2: Strikes out looking
Bottom of the 8th over - 2 runs, 2 hits, 0 errors, 0 left on base; Hialeah 3 - Hartford 2
TOP OF THE 9TH
Hialeah Dodos batting - Pitching for Hartford Pride : RHP Eduardo Flores
Batting: RHB Sergio San Martín 0-0: Ground out 1-3 (Groundball, 15, EV 82.5 MPH)
Batting: LHB Richard Edwards 0-0: Ball
1-0: Foul Ball, location: 2F
1-1: Ball
2-1: Called Strike
2-2: Foul Ball, location: 2F
2-2: Ball
3-2: Fly out, F8 (Flyball, 78D, EV 96.2 MPH)
Batting: RHB Juan Reyes 0-0: Called Strike
0-1: Fly out, F9 (Flyball, 9D, EV 95.0 MPH)
Top of the 9th over - 0 runs, 0 hits, 0 errors, 0 left on base; Hialeah 3 - Hartford 2
BOTTOM OF THE 9TH
Hartford Pride batting - Pitching for Hialeah Dodos : RHP John Stevens
Pitching: LHP Hakan Yilmanz
Now at 1B: Pat Geldart
Batting: RHB Hani Azwan 0-0: Ball
1-0: Ball
2-0: Foul Ball, location: 2F
2-1: Swinging Strike
2-2: Strikes out swinging
Pinch Hitting: RHB Angeddy Almanzar 0-0: Called Strike
0-1: Ball
1-1: Ball
2-1: Called Strike
2-2: Strikes out swinging
Batting: RHB Peer Kattenberg 0-0: Foul Ball, location: 2F
0-1: Ball
1-1: Foul Ball, location: 2F
1-2: Strikes out swinging
Bottom of the 9th over - 0 runs, 0 hits, 0 errors, 0 left on base; Hialeah 3 - Hartford 2
Friday, March 26th, 2021 - OOTP Baseball 20.8 Build 74